 Dungeon Crawl Stone Soup version 0.28.0-1-gb440e238dd (webtiles) character file.

Game seed: 17101553886675608396

3037 Crownlay the Cleaver (level 9, -4/74 HPs)
             Began as a Hill Orc Fighter on Feb 20, 2022.
             Was an Initiate of Qazlal.
             Slain by a boulder beetle (14 damage)
             ... on level 9 of the Dungeon.
             The game lasted 00:13:26 (9681 turns).

Crownlay the Cleaver (Hill Orc Fighter)             Turns: 9681, Time: 00:13:26

Health: -4/74      AC:  8    Str: 23    XL:     9   Next: 86%
Magic:  16/16      EV:  9    Int:  8    God:    Qazlal [......]
Gold:   572        SH:  4    Dex: 10    Spells: 8/8 levels left

rFire   . . .      SeeInvis .   L - +5 hand axe (freeze)
rCold   + . .      Faith    .   c - +0 buckler
rNeg    . . .      Spirit   .   b - +0 scale mail
rPois   .          Reflect  .   (no helmet)
rElec   .          Harm     .   q - +0 cloak
rCorr   .          Rampage  .   (no gloves)
Will    .....                   (no boots)
Stlth   ..........              m - amulet of the acrobat
HPRegen 0.22/turn               z - ring of protection from cold
MPRegen 0.15/turn               (no ring)

@: no status effects
A: no striking features
a: Renounce Religion


You were on level 9 of the Dungeon.
You worshipped Qazlal.
Qazlal was noncommittal.
You visited 2 branches of the dungeon, and saw 10 of its levels.
You also visited: Sewer.

You collected 572 gold pieces.

Inventory:

Hand Weapons
 L - a +5 hand axe of freezing (weapon)
Missiles
 u - 36 poisoned darts (quivered)
 I - 3 datura-tipped darts
 J - 3 silver boomerangs
Armour
 b - a +0 scale mail (worn)
 c - a +0 buckler (worn)
 q - a +0 cloak (worn)
 r - a +0 plate armour
Jewellery
 m - an amulet of the acrobat (around neck)
 z - a ring of protection from cold (left hand)
Wands
 e - a wand of flame (14)
 F - a wand of mindburst (9)
 G - a wand of iceblast (22)
Scrolls
 f - 3 scrolls of teleportation
 h - 2 scrolls of fog
 l - 4 scrolls of enchant weapon
 o - 5 scrolls of enchant armour
 p - 2 scrolls of vulnerability
 s - a scroll of blinking {unknown}
 v - a scroll of fear
 w - 2 scrolls of holy word {unknown}
 y - a scroll of brand weapon {unknown}
 C - a scroll of magic mapping {unknown}
 K - a scroll of torment {unknown}
Potions
 a - a potion of invisibility {unknown}
 d - a potion of might
 g - 5 potions of curing
 i - 2 potions of flight
 j - 2 potions of magic {unknown}
 k - 3 potions of degeneration {unknown}
 n - 2 potions of brilliance {unknown}
 t - a potion of haste {unknown}
 x - a potion of attraction {unknown}
 A - 2 potions of resistance
 B - 2 potions of heal wounds {unknown}
 D - a potion of experience {unknown}
 E - 2 potions of mutation {unknown}
 H - a potion of lignification {unknown}


   Skills:
 - Level 5.0 Fighting
 - Level 14.0 Axes
 - Level 3.2 Armour
 - Level 4.0 Shields
 + Level 9.4 Invocations


You had 8 spell levels left.
You didn't know any spells.
Your spell library contained the following spells:

 Spells                   Type           Power      Damage    Failure   Level
 Magic Dart               Conj           0%         1d3       80%         1
 Call Imp                 Summ           0%         N/A       91%         2
 Corpse Rot               Necr/Air       0%         N/A       91%         2
 Call Canine Familiar     Summ           0%         N/A       99%         3
 Mephitic Cloud           Conj/Pois/Air  0%         N/A       99%         3
 Ozocubu's Armour         Ice            0%         N/A       99%         3
 Portal Projectile        Hex/Tloc       0%         N/A       99%         3
 Dispel Undead            Necr           0%         3d6       100%        4
 Leda's Liquefaction      Hex/Erth       0%         N/A       100%        4
 Summon Lightning Spire   Summ/Air       0%         N/A       100%        4
 Blade Hands              Tmut           0%         N/A       100%        5
 Irradiate                Conj/Tmut      0%         3d14      100%        5
 Death Channel            Necr           0%         N/A       100%        6
 Dragon Form              Tmut           0%         N/A       100%        7
 Ozocubu's Refrigeration  Ice            0%         4d5       100%        7
 Storm Form               Tmut/Air       0%         N/A       100%        7
 Maxwell's Capacitive Co  Air            0%         ∞         100%        8


Dungeon Overview and Level Annotations

Branches:
Dungeon (9/15)             Temple (1/1) D:7           Sewer (visited)
   Lair: D:8-11         Orc: D:9-12

Altars:
Cheibriados
Dithmenos
Elyvilon
Gozag
Okawaru
Qazlal
Ru
Trog
Uskayaw
Vehumet
Xom
Yredelemnul
The Shining One

Shops:
D:5 *

Annotations:
D:3 1 runed translucent door, Crazy Yiuf
D:5 3 runed translucent doors, Hasart's ghost, novice OpTm


Message History

Okay, then.
Throw: dart (curare)
Press: ? - help, Q - select action, (/) - cycle Shift-Dir - straight line, f - boulder beetle
Aim: a boulder beetle (89% to hit)
You throw a curare-tipped dart.
The curare-tipped dart hits the boulder beetle.
The boulder beetle is poisoned.
The boulder beetle convulses.
The boulder beetle seems to slow down.
The boulder beetle is lightly wounded.
The boulder beetle curls into a ball and begins rolling!
Aiming: Mindburst
Press: ? - help, Shift-Dir - straight line, f/p - boulder beetle
Aim: a boulder beetle (lightly wounded, rolling, very poisoned, slow, chance to affect: 47%)
The boulder beetle's mind is blasted!
You hear a shout!
Aiming: Mindburst
Press: ? - help, Shift-Dir - straight line, f/p - boulder beetle
Aim: a boulder beetle (moderately wounded, rolling, very poisoned, slow, chance to affect: 47%)
The boulder beetle resists with some effort.
An orc warrior comes into view. It is wielding a +0 glaive.
Aiming: Mindburst
Press: ? - help, Shift-Dir - straight line, f/p - boulder beetle
Aim: a boulder beetle (moderately wounded, rolling, very poisoned, slow, chance to affect: 47%)
The boulder beetle resists with some effort.
The boulder beetle hits you!
* * * LOW HITPOINT WARNING * * *
The boulder beetle stops rolling and uncurls.
You barely miss the boulder beetle.
The boulder beetle is moderately wounded.
You hit the boulder beetle but do no damage.
The boulder beetle is moderately wounded.
You hit the boulder beetle but do no damage.
The boulder beetle is moderately wounded.
The boulder beetle bites you!
* * * LOW HITPOINT WARNING * * *
As you read the scroll of fear, it crumbles to dust.
You assume a fearsome visage.
The orc warrior looks frightened!
The boulder beetle resists with some effort.
The boulder beetle bites you!
You die...

##.# .... #..# #..##
# ##### #.o.# #
#.#.#.#.#.#
#...##.##...z.......
#..........z........
#.B####..#########.
#)@.....# #.
#)#####.# ####.
#.#####.# #....
#....##.# #....
####.##.# #....
#>##.# #.... #.##.#
#.... #.##.# #....
#.##.#######....


You could see a boulder beetle (very poisoned, slow) and an orc warrior
(fleeing).

Vanquished Creatures
  Psyche (D:8)
  A water moccasin (D:8)
  2 ice beasts
  2 black bears
  A sky beast (D:7)
  2 centaurs
  5 kobold brigands
  5 bullfrogs
  2 scorpions
  A water moccasin zombie (D:6)
  A water moccasin skeleton (D:5)
  10 wights
  A bullfrog zombie (D:5)
  2 centaur zombies
  A centaur skeleton (D:5)
  A jelly (D:5)
  2 hounds
  An orc priest (D:4)
  2 bullfrog skeletons
  2 iguanas
  An orc wizard (D:7)
  A killer bee zombie (D:8)
  3 hound skeletons
  14 adders
  6 river rats (Sewer)
  A white imp (D:8)
  14 orcs
  21 ball pythons
  A bat (D:1)
  9 endoplasms
  5 giant cockroaches
  17 goblins
  5 hobgoblins
  9 jackals (D:4)
  5 quokkas
  6 frilled lizards
  24 kobolds
  27 rats
214 creatures vanquished.

Vanquished Creatures (others)
  2 kobolds (D:8)
  A withered plant (D:4)
3 creatures vanquished.

Grand Total: 217 creatures vanquished

Notes
Turn   | Place    | Note
-------+----------+-------------------------------------------
     0 | D:1      | Crownlay the Hill Orc Fighter began the quest for the Orb.
     0 | D:1      | Reached XP level 1. HP: 19/19 MP: 1/1
    43 | D:1      | Reached skill level 3 in Axes
   252 | D:1      | Reached XP level 2. HP: 26/26 MP: 2/2
   405 | D:1      | Found a faded altar of an unknown god.
   675 | D:1      | Reached skill level 4 in Axes
   880 | D:2      | Reached XP level 3. HP: 31/31 MP: 3/3
  1684 | D:3      | Reached XP level 4. HP: 39/39 MP: 4/4
  1691 | D:3      | Reached skill level 5 in Axes
  2165 | D:3      | Found a runed translucent door.
  2166 | D:3      | Noticed Crazy Yiuf
  2504 | D:4      | Found a basalt altar of Yredelemnul.
  2515 | D:4      | Reached skill level 6 in Axes
  2515 | D:4      | Reached XP level 5. HP: 45/45 MP: 5/5
  2801 | D:4      | Noticed a black bear
  2961 | D:4      | Reached skill level 7 in Axes
  3176 | D:4      | Reached XP level 6. HP: 51/51 MP: 6/6
  3214 | D:4      | Reached skill level 8 in Axes
  3221 | D:4      | Noticed a black bear
  3238 | D:4      | Killed a black bear
  3239 | D:4      | Reached skill level 9 in Axes
  3674 | D:4      | Found a sacrificial altar of Ru.
  3836 | D:5      | Entered Level 5 of the Dungeon
  3842 | D:5      | Found a radiant altar of Vehumet.
  3922 | D:5      | Reached XP level 7. HP: 57/57 MP: 7/7
  3938 | D:5      | Found a glowing drain.
  3960 | Sewer    | Entered a sewer
  4414 | Sewer    | Reached skill level 10 in Axes
  4858 | D:5      | Found a runed translucent gate.
  4859 | D:5      | Found a runed translucent gate.
  4860 | D:5      | Found a runed translucent gate.
  4885 | D:5      | Found Qodagyro's General Store.
  5071 | D:5      | Noticed Hasart's ghost (novice OpTm)
  5232 | D:5      | Reached skill level 11 in Axes
  5404 | D:5      | Reached XP level 8. HP: 56/66 MP: 8/8
  6191 | D:6      | Reached skill level 5 in Fighting
  6207 | D:6      | Reached skill level 12 in Axes
  6876 | D:7      | Reached skill level 13 in Axes
  6974 | D:7      | Found a staircase to the Ecumenical Temple.
  7002 | Temple   | Entered the Ecumenical Temple
  7017 | Temple   | Became a worshipper of Qazlal Stormbringer
  7050 | D:7      | Reached skill level 1 in Invocations
  7105 | D:7      | Reached XP level 9. HP: 68/74 MP: 8/10
  7175 | D:7      | Found a glowing golden altar of the Shining One.
  7179 | D:7      | Found an iron altar of Okawaru.
  7182 | D:7      | Found an opulent altar of Gozag.
  7185 | D:7      | Found a bloodstained altar of Trog.
  7445 | D:7      | Identified the +2 robe of Ghostly Tender Moments {rElec
                  | Slay+4}
  7481 | D:8      | Reached skill level 14 in Axes
  7813 | D:8      | Found a white marble altar of Elyvilon.
  7882 | D:8      | Noticed Psyche
  7886 | D:8      | Reached skill level 5 in Invocations
  8692 | D:8      | Killed Psyche
  9671 | D:9      | Noticed a boulder beetle
  9681 | D:9      | Slain by a boulder beetle

Illustrated notes

Levels and vault maps discovered:
D:1:      pf_arrival_petrified_forest, layout_basic,
          ebering_ecumenical_altar_webs
D:2:      layout_loops_ring, grunt_ministairs_1, hex_large,
          chequers_serial_rivers_small_b, minmay_pentomino_o4
D:3:      layout_rooms, minmay_misc_feat_plants, minmay_misc_feat_columns,
          uniq_crazy_yiuf_cottage
D:4:      layout_gridville, yredelemnul_altar_generic,
          nicolae_ru_the_path_less_chosen, minmay_misc_feat_five
D:5:      layout_basic, vehumet_altar_wand_db, portal_sewer_entry_d,
          serial_shops, nicolae_stop_n_shop_1, gammafunk_ghost_icy,
          roderic_lattice_a
D:6:      layout_loops_ring
D:7:      layout_basic, grunt_temple_overflow_cloverleaf, temple_statues
D:8:      layout_loops_ring, elyvilon_altar_3, uniq_psyche
D:9:      wad_statue_garden, layout_basic, roderic_serpentine_path
Temple:   nicolae_temple_hex_pool

Skill      XL: |  1  2  3  4  5  6  7  8  9 |
---------------+----------------------------+-----
Axes           | 3 4 6 7 9 11 13 14 | 14.0
Shields        | 4 |  4.0
Fighting       | 4 5 |  5.0
Invocations    | 2 9 |  9.4
Armour         | |  3.2

Action                   |  1- 3 |  4- 6 |  7- 9 || total
-------------------------+-------+-------+-------++-------
Melee: War axe           |   105 |   132 |   373 ||   610
       Hand axe          |       |       |    51 ||    51
Throw: Dart              |       |     6 |    15 ||    21
       Boomerang         |       |       |    13 ||    13
Evoke: Wand              |       |       |     5 ||     5
  Use: Scroll            |       |     5 |     6 ||    11
       Potion            |       |       |     1 ||     1
Armor: Scale mail        |    46 |    77 |   177 ||   300
Dodge: Dodged            |    52 |    63 |   164 ||   279
Block: Buckler           |    30 |    34 |    83 ||   147
